 Dungeon Crawl Stone Soup version 0.24.0-13-gcf9b319 (webtiles) character file.

Game seed: 11159988989721474649, levelgen mode: deterministic

151 CBukowski the Digger (level 5, -1/28 HPs)
             Began as a Gargoyle Earth Elementalist on Nov 11, 2019.
             Slain by an ogre
             ... wielding a +0 giant spiked club
              (29 damage)
             ... on level 4 of the Dungeon.
             The game lasted 00:22:24 (2586 turns).

CBukowski the Digger (Gargoyle Earth Elementalist)  Turns: 2586, Time: 00:22:24

Health: -1/28      AC:  8    Str: 11    XL:     5   Next: 33%
Magic:  16/19      EV: 12    Int: 17    God:
Gold:   237        SH:  0    Dex: 10    Spells: 5/11 levels left

rFire    + . .     SeeInvis .   t - +0 morningstar
rCold    . . .     Gourm    .   (no shield)
rNeg     + . .     Faith    .   c - +0 robe
rPois    ∞         Spirit   .   n - +0 helmet
rElec    +         Reflect  .   (no cloak)
rCorr    .         Harm     .   (no gloves)
MR       .....                  m - +0 pair of boots
Stlth    ++........             (no amulet)
HPRegen  0.09/turn              s - ring of protection from fire
MPRegen  0.16/turn              A - ring of magical power

@: no status effects
A: negative energy resistance 1, electricity resistance, unbreathing,
petrification resistance, rot immunity, AC +4
a: no special abilities


You were on level 4 of the Dungeon.
You were not hungry.

You visited 1 branch of the dungeon, and saw 4 of its levels.

You collected 237 gold pieces.

Inventory:

Hand Weapons
 j - a +0 hunting sling
 t - a +0 morningstar (weapon)
Missiles
 b - 29 stones (quivered)
 q - 7 boomerangs
 v - 7 poisoned darts
Armour
 c - a +0 robe (worn)
 m - a +0 pair of boots (worn)
 n - a +0 helmet (worn)
Jewellery
 s - a ring of protection from fire (left hand)
 u - an uncursed ring of poison resistance
 A - a ring of magical power (right hand)
Scrolls
 f - 2 scrolls of identify
 g - 2 scrolls of magic mapping
 i - 2 scrolls of teleportation {unknown}
 k - a scroll of enchant armour {unknown}
 l - 2 scrolls of remove curse {unknown}
 o - a scroll of random uselessness {unknown}
 x - a scroll of amnesia {unknown}
Potions
 a - a potion of invisibility {unknown}
 e - a potion of haste {unknown}
 h - a potion of ambrosia {unknown}
 p - 2 potions of brilliance {unknown}
 r - 3 potions of curing
Comestibles
 d - 10 rations


   Skills:
 + Level 2.0 Dodging
 + Level 2.3 Stealth
 - Level 0.5 Unarmed Combat
 + Level 3.8 Spellcasting
 + Level 0.7 Transmutations
 + Level 4.8 Earth Magic


You had 5 spell levels left.
You knew the following spells:

 Your Spells              Type           Power        Failure   Level  Hunger
a - Sandblast             Erth           ###...       2%          1    None
b - Stone Arrow           Conj/Erth      ##....       19%         3    ###....
c - Passwall              Tmut/Erth      ##......     8%          2    ##.....

Your spell library contained the following spells:

 Spells                   Type           Power        Failure   Level  Hunger
 Petrify                  Tmut/Erth      ##......     45%         4    ####...
 Lee's Rapid Deconstruct  Erth           ###.......   52%         5    ######.


Dungeon Overview and Level Annotations

Branches:
Dungeon (4/15)
 Temple: D:4-7

Altars:


Innate Abilities, Weirdness & Mutations

You are resistant to torment.
Your stone body is resilient. (AC +4)
You are immune to poison.
You resist negative energy. (rN+)
You are resistant to electric shocks. (rElec)
You can survive without breathing.
You are immune to petrification.
You are immune to rotting.


Message History

An orc comes into view.
Casting: Sandblast (safe; 2% risk of failure)
Confirm with . or Enter, or press ? or * to list all spells.
Aiming: Sandblast (safe; 2% risk of failure)
Press: ? - help, Shift-Dir - straight line, f/p - ogre
Aim: an ogre, wielding a +0 giant spiked club (moderately wounded)
The blast of sand hits the ogre.
The ogre is heavily wounded.
b - 30 stones
Casting: Sandblast (safe; 2% risk of failure)
Confirm with . or Enter, or press ? or * to list all spells.
Aiming: Sandblast (safe; 2% risk of failure)
Press: ? - help, Shift-Dir - straight line, f/p - ogre
Aim: an ogre, wielding a +0 giant spiked club (heavily wounded)
The blast of sand hits the ogre!
The ogre is severely wounded.
b - 29 stones The ogre hits you with a +0 giant spiked club!!
Ouch! That really hurt!
You die...

#......# #..# #..#
#..# . #..# ..
#######).###
...#..........####
..................
..................
.......@O.........
..$...............
..................
o.................
....!......$......
..................
..................
..................


You could see an ogre and an orc (sleeping).

Vanquished Creatures
  An orc wizard (D:3)
  Ijyb (D:3)
  5 adders
  3 dart slugs
  2 leopard geckos
  4 orcs
  2 giant cockroaches
  3 goblins
  2 hobgoblins (D:1)
  3 jackals (D:1)
  5 bats (D:1)
  4 frilled lizards
  A jackal skeleton (D:4)
  5 kobolds
  6 rats
47 creatures vanquished.

Vanquished Creatures (others)
  An orc wizard (D:3)
1 creature vanquished.

Grand Total: 48 creatures vanquished

Notes
Turn   | Place    | Note
-------+----------+-------------------------------------------
     0 | D:1      | CBukowski the Gargoyle Earth Elementalist began the quest
                  | for the Orb.
     0 | D:1      | Reached XP level 1. HP: 10/10 MP: 3/3
    92 | D:1      | Reached skill level 4 in Earth Magic
    98 | D:1      | Reached XP level 2. HP: 15/15 MP: 1/5
   376 | D:1      | Reached XP level 3. HP: 11/19 MP: 1/6
  1370 | D:3      | Reached XP level 4. HP: 21/24 MP: 5/8
  1999 | D:3      | Learned a level 3 spell: Stone Arrow
  2002 | D:3      | Learned a level 2 spell: Passwall
  2232 | D:3      | Noticed Ijyb
  2244 | D:3      | Paralysed by Ijyb for 5 turns
  2254 | D:3      | Paralysed by Ijyb for 2 turns
  2266 | D:3      | Killed Ijyb
  2266 | D:3      | Reached XP level 5. HP: 25/28 MP: 5/10
  2578 | D:4      | Noticed an ogre
  2586 | D:4      | Slain by an ogre

Levels and vault maps discovered:
D:1:      evilmike_arrival_crescent, layout_rooms, chequers_serial_rivers_room_a
D:2:      layout_basic
D:3:      layout_basic, first_ration, minmay_misc_feat_hallway,
          due_unseen_surprise, uniq_ijyb
D:4:      layout_layer_cave

Skill      XL: |  1  2  3  4  5 |
---------------+----------------+-----
Earth Magic    | 4 |  4.8
Spellcasting   | 3 |  3.8
Dodging        | 2 |  2.0
Stealth        | |  2.3
Unarmed Combat | |  0.5
Transmutations | |  0.7

Action                   |  1- 3 |  4- 6 || total
-------------------------+-------+-------++-------
Melee: Unarmed           |    21 |       ||    21
       Dagger            |    11 |       ||    11
       Morningstar       |       |    22 ||    22
 Cast: Sandblast         |    38 |    21 ||    59
       Passwall          |       |     2 ||     2
  Use: Scroll            |     1 |     3 ||     4
  Eat: Ration            |     1 |       ||     1
       Chunk             |       |     2 ||     2
Armor: Robe              |    16 |    20 ||    36
Dodge: Dodged            |    31 |    15 ||    46
